 Dungeon Crawl Stone Soup version 0.24-a0-203-gf0bc1e9 (webtiles) character file.

Game seed: 11189087967691126864

4151 Borgoz the Slicer (level 10, -15/96 HPs)
             Began as a Kobold Gladiator on Mar 26, 2019.
             Was a Follower of Ashenzari.
             Demolished by Harold
             ... wielding a +0 halberd
              (23 damage)
             ... on level 8 of the Dungeon.
             The game lasted 00:14:11 (8822 turns).

Borgoz the Slicer (Kobold Gladiator)                Turns: 8822, Time: 00:14:12

Health: -15/96     AC: 25    Str: 14    XL:     10   Next: 52%
Magic:  10/10      EV:  3    Int: 11    God:    Ashenzari [*.....]
Gold:   467        SH:  5    Dex: 16    Spells: 9/9 levels left

rFire    . . .     SeeInvis .   a - +0 dagger (venom)
rCold    . . .     Gourm    .   (shield restricted)
rNeg     + + +     Faith    .   (armour currently unavailable)
rPois    +         Spirit   .   (helmet currently unavailable)
rElec    .         Reflect  +   (cloak currently unavailable)
rCorr    .         Harm     .   (gloves currently unavailable)
MR       .....     NoTele   +   (boots currently unavailable)
Stlth    +.........             u - +5 amulet of reflection
HPRegen  0.26/turn              (no ring)
MPRegen  0.12/turn              (no ring)

@: tree-form
A: small, carnivore
a: Curse Item, Scrying, Renounce Religion


You were on level 8 of the Dungeon.
You worshipped Ashenzari.
Ashenzari was aware of your devotion.
You were not hungry.
You were a tree.
You visited 2 branches of the dungeon, and saw 9 of its levels.

You collected 467 gold pieces.

Inventory:

Hand Weapons
 a - a +0 dagger of venom (weapon)
 b - a +0 blowgun
 g - a +1 short sword of holy wrath
 o - a +0 rapier
 H - a +0 hand crossbow
Missiles
 d - 4 throwing nets (quivered)
 e - 86 bolts
 y - 5 poisoned needles
Armour
 h - a +0 cloak (melded)
 j - a +0 leather armour (melded)
 l - a +1 pair of gloves (melded)
 w - a +1 helmet (melded)
Jewellery
 p - an uncursed ring of positive energy
 u - a +5 amulet of reflection (around neck)
Wands
 B - a wand of paralysis (12)
 G - a wand of random effects (15)
Scrolls
 c - a scroll of magic mapping {unknown}
 k - 2 scrolls of enchant armour
 n - 3 scrolls of enchant weapon {unknown}
 q - 2 scrolls of remove curse
 v - a scroll of teleportation
 A - a scroll of noise {unknown}
 C - a scroll of fear {unknown}
 D - a scroll of blinking {unknown}
 E - a scroll of identify
Potions
 i - 2 potions of berserk rage
 m - 3 potions of curing
 s - a potion of brilliance {unknown}
 t - a potion of mutation {unknown}
 x - a potion of might
 z - 2 potions of heal wounds {unknown}
 F - a potion of flight {unknown}
Comestibles
 f - 14 rations


   Skills:
 + Level 8.3 Fighting
 + Level 10.3 Short Blades
 - Level 2.2 Throwing
 + Level 5.9 Armour
 + Level 9.4 Dodging


You had 9 spell levels left.
You didn't know any spells.
Your spell library contained the following spells:

 Spells                   Type           Power        Failure   Level  Hunger
 Confusing Touch          Hex            #.....       34%         1    ##.....
 Magic Dart               Conj           #...         34%         1    ##.....
 Blink                    Tloc           N/A          47%         2    ###....
 Call Imp                 Summ           #.......     47%         2    ###....
 Slow                     Hex            #.......     47%         2    ###....
 Confuse                  Hex            #.......     71%         3    ####...
 Conjure Flame            Conj/Fire      #.......     71%         3    ####...
 Gell's Gravitas          Tloc           #.........   71%         3    ####...
 Mephitic Cloud           Conj/Pois/Air  #.......     71%         3    ####...
 Petrify                  Tmut/Erth      #.......     98%         4    #####..
 Metabolic Englaciation   Hex/Ice        #.........   100%        5    ######.
 Yara's Violent Unravell  Hex/Tmut       #.........   100%        5    ######.


Dungeon Overview and Level Annotations

Branches:
Dungeon (8/15)             Temple (1/1) D:5
   Lair: D:8-11

Altars:
Ashenzari
Cheibriados
Elyvilon
Fedhas
Gozag
Hepliaklqana
Kikubaaqudgha
Makhleb
Nemelex Xobeh
Okawaru
Sif Muna
Trog
Uskayaw
Vehumet
Wu Jian
Xom
Yredelemnul
Zin
The Shining One

Annotations:
D:8 Harold


Innate Abilities, Weirdness & Mutations

You are small and have problems with some larger weapons.
You are carnivorous and can eat meat at any time.


Message History

Harold yells, "I don't have all day!"
Harold completely misses you.
You closely miss the big kobold.
The big kobold is lightly wounded.
You hit the big kobold.
The big kobold looks as sick as possible!
The big kobold is lightly wounded.
You block the big kobold's attack.
Harold hits you from afar with a +0 halberd!!
* * * LOW HITPOINT WARNING * * *
You hit the big kobold but do no damage.
The big kobold is moderately wounded.
You completely miss the big kobold.
The big kobold is moderately wounded.
You block the big kobold's attack.
You hit the big kobold but do no damage.
The big kobold looks as sick as possible!
The big kobold is moderately wounded.
Harold hits you from afar with a +0 halberd!!
You die...

..........#
#...#...##.##..
..#.⌠.⌠.#.#
#......###....#
..........# #.#.().#
#.#### ..#...K.#.#
####.#.)..# #.#
....._....# ...........#
#.# .#.....#.#
#####..()..# #.##
........K.# ###.#..#.#
#..# ..#.⌠.⌠K#(#
##.#.#..#.# ##.#
........W.#####♣#.......#
#.#
..#.....#.#.KKK###.##.###
#.#
............y@#####.#.#
#.#
#####.....(..y##<###..#
#.# #########.#...#.####
#.# #......(....# #.#
#.##...####.# #.# #.
##.## #.# #.# #. #.# #.#
#.#


You could see Harold, a big kobold, 2 killer bees and 2 kobolds.

Vanquished Creatures
  A two-headed ogre (D:7)
  A hornet (D:7)
  Sigmund (D:5)
  Eustachio (D:5)
  A hungry ghost (D:8)
  2 water moccasins
  An orc warrior (D:5)
  A phantom (D:7)
  4 sky beasts
  An ogre (D:4)
  3 centaurs
  A big kobold (D:8)
  4 bullfrogs
  A gnoll sergeant (D:7)
  3 scorpions
  7 killer bees
  A howler monkey (D:7)
  2 crimson imps
  4 hounds
  3 orc wizards
  An orc priest (D:6)
  A centaur skeleton (D:5)
  5 iguanas
  7 worker ants
  A killer bee zombie (D:6)
  A hound zombie (D:5)
  A howler monkey zombie (D:5)
  2 worker ant zombies
  4 gnolls (D:7)
  14 adders
  A shadow imp (D:7)
  An ooze (D:3)
  An adder skeleton (D:5)
  4 worms
  3 leopard geckos
  14 orcs
  7 giant cockroaches
  10 goblins
  5 hobgoblins
  6 jackals
  6 quokkas
  3 ball pythons
  7 bats
  4 frilled lizards
  14 kobolds
  A quokka skeleton (D:6)
  A quokka zombie (D:6)
  8 rats
176 creatures vanquished.

Notes
Turn   | Place    | Note
-------+----------+-------------------------------------------
     0 | D:1      | Borgoz the Kobold Gladiator began the quest for the Orb.
     0 | D:1      | Reached XP level 1. HP: 12/12 MP: 1/1
   483 | D:1      | Reached XP level 2. HP: 18/18 MP: 2/2
   599 | D:1      | Found a glowing golden altar of the Shining One.
   916 | D:1      | Reached XP level 3. HP: 22/22 MP: 3/3
  1097 | D:2      | Found a snail-covered altar of Cheibriados.
  1240 | D:2      | Reached skill level 1 in Armour
  1290 | D:2      | Found a glowing golden altar of the Shining One.
  1295 | D:2      | Reached XP level 4. HP: 18/27 MP: 4/4
  2043 | D:3      | Reached XP level 5. HP: 26/32 MP: 5/5
  2063 | D:3      | Reached skill level 5 in Short Blades
  2102 | D:3      | Noticed a bullfrog
  2117 | D:3      | Killed a bullfrog
  2370 | D:3      | Reached XP level 6. HP: 33/37 MP: 6/6
  2648 | D:3      | Found a shattered altar of Ashenzari.
  2665 | D:3      | Became a worshipper of Ashenzari the Shackled
  2818 | D:3      | Reached skill level 5 in Dodging
  3512 | D:4      | Reached skill level 6 in Short Blades
  3512 | D:4      | Reached XP level 7. HP: 24/43 MP: 7/7
  3705 | D:4      | Found an ancient bone altar of Kikubaaqudgha.
  4146 | D:4      | Found a bloodstained altar of Trog.
  4362 | D:4      | Found a glowing silver altar of Zin.
  4362 | D:4      | Found a blossoming altar of Fedhas.
  4374 | D:5      | Entered Level 5 of the Dungeon
  4526 | D:5      | Found a staircase to the Ecumenical Temple.
  4535 | Temple   | Entered the Ecumenical Temple
  4773 | D:5      | Noticed Eustachio
  4797 | D:5      | Killed Eustachio
  4797 | D:5      | Reached skill level 5 in Fighting
  4797 | D:5      | Reached skill level 7 in Short Blades
  4797 | D:5      | Reached XP level 8. HP: 22/49 MP: 8/8
  5508 | D:5      | Noticed Sigmund
  5526 | D:5      | Killed Sigmund
  5763 | D:5      | Reached skill level 8 in Short Blades
  5763 | D:5      | Reached XP level 9. HP: 48/55 MP: 9/9
  6034 | D:6      | Reached * piety under Ashenzari
  6930 | D:7      | Noticed a two-headed ogre
  6946 | D:7      | Killed a two-headed ogre
  6946 | D:7      | Reached skill level 9 in Short Blades
  6946 | D:7      | Reached skill level 5 in Armour
  7091 | D:7      | Reached XP level 10. HP: 63/63 MP: 10/10
  7431 | D:7      | Found an opulent altar of Gozag.
  7754 | D:7      | Reached skill level 10 in Short Blades
  8161 | D:7      | Found a hazy altar of Hepliaklqana.
  8275 | D:8      | Found a hide-covered altar of Uskayaw.
  8276 | D:8      | Noticed Harold
  8743 | D:8      | Found a white marble altar of Elyvilon.
  8822 | D:8      | Demolished by Harold

Levels and vault maps discovered:
D:1:      lightli_arrival_quake, layout_loops_ring, tso_metal_star
D:2:      layout_basic, lemuel_doored_altar, chequers_decorated_corner,
          cheibriados_altar_1
D:3:      layout_loops_ring, cheibrodos_ashenzari_chains,
          minmay_fractal_squares_gapless_5
D:4:      layout_loops_ring, nicolae_overflow_hidden_temple,
          kiku_gazebo_pond_becter, kennysheep_nondescript, minivault_5,
          st_stairs_5
D:5:      minmay_general_purpose_star, layout_basic,
          minmay_temple_entry_gardened_gates, first_ration, feat_on_display,
          uniq_sigmund, uniq_eustachio
D:6:      layout_loops_ring, mrwooster_statue_mirror
D:7:      layout_loops_ring, kennysheep_mini, grunt_gozag_statues
D:8:      layout_loops_ring, kennysheep_little_box, elyvilon_altar_5,
          old_standard_altar, nicolae_overflow_crystal_walls,
          uniq_prince_ribbit1, uniq_harold
Temple:   jpeg_temple_alley_garden

Skill      XL: |  1  2  3  4  5  6  7  8  9 10 |
---------------+-------------------------------+-----
Dodging        | 4 5 6 7 8 9 |  9.4
Armour         | 1 2 3 4 5 |  5.9
Fighting       | 3 4 5 6 7 8 |  8.3
Short Blades   | 5 6 7 8 9 10 | 10.3
Throwing       | |  2.2

Action                   |  1- 3 |  4- 6 |  7- 9 | 10-12 || total
-------------------------+-------+-------+-------+-------++-------
Melee: Rapier            |   117 |   183 |       |       ||   300
       Short sword       |       |    22 |    33 |       ||    55
       Dagger            |       |       |   484 |   361 ||   845
Throw: Throwing net      |       |       |     1 |       ||     1
  Use: Potion            |       |     2 |     1 |     1 ||     4
       Scroll            |       |       |     7 |     1 ||     8
 Stab: Sleeping          |     2 |     1 |     1 |       ||     4
       Held in net/web   |       |       |     2 |       ||     2
  Eat: Chunk             |    10 |     7 |    12 |     3 ||    32
       Ration            |       |       |       |     3 ||     3
Armor: Leather armour    |    26 |    40 |    65 |    42 ||   173
       Skin              |       |       |       |    22 ||    22
Dodge: Dodged            |    93 |   145 |   341 |   144 ||   723
Block: Other             |       |       |    28 |    49 ||    77
       Reflection        |       |       |       |     3 ||     3

Table legend:
 A = Non-vault XP
 B = Vault XP
 C = Vault XP percentage of total XP
 D = Non-vault monster count
 E = Vault monster count
 F = Vault count percentage of total count
                 A         B        C        D         E       F
            +---------+---------+-------+---------+---------+-------
      Total |    5290 |     641 |  10.8 |     169 |       7 |   4.0
            +---------+---------+-------+---------+---------+-------
        D:1 |      29 |       0 |   0.0 |      20 |       0 |   0.0
        D:2 |      84 |       0 |   0.0 |      24 |       0 |   0.0
        D:3 |     209 |       5 |   2.3 |      29 |       1 |   3.3
        D:4 |     358 |      32 |   8.2 |      15 |       1 |   6.2
        D:5 |     761 |     604 |  44.2 |      18 |       5 |  21.7
        D:6 |     513 |       0 |   0.0 |      20 |       0 |   0.0
        D:7 |    2477 |       0 |   0.0 |      28 |       0 |   0.0
        D:8 |     859 |       0 |   0.0 |      15 |       0 |   0.0
            +---------+---------+-------+---------+---------+-------
